 Dungeon Crawl Stone Soup version 0.24-a0-312-g16217b4 (webtiles) character file.

Game seed: 4092233501514116776

646 mhoghedin the Skirmisher (level 7, -4/59 HPs)
             Began as a Demigod Fighter on May 15, 2019.
             Slain by an ogre
             ... wielding a +0 giant spiked club
              (22 damage)
             ... on level 4 of the Dungeon.
             The game lasted 00:06:29 (4061 turns).

mhoghedin the Skirmisher (Demigod Fighter)          Turns: 4061, Time: 00:06:30

Health: -4/59      AC: 15    Str: 23    XL:     7   Next: 6%
Magic:  9/9        EV:  9    Int: 12    God:
Gold:   96         SH: 10    Dex: 15    Spells: 6/6 levels left

rFire    . . .     SeeInvis .   a - +1 long sword
rCold    . . .     Gourm    .   c - +0 shield
rNeg     . . .     Faith    .   i - +0 plate armour
rPois    .         Spirit   .   k - +0 helmet
rElec    .         Reflect  .   d - +0 cloak
rCorr    .         Harm     .   (no gloves)
MR       .....                  h - +0 pair of boots
Stlth    ..........             m - amulet of magic regeneration
HPRegen  0.19/turn              g - ring of wizardry {Wiz+, !d}
MPRegen  0.36/turn              u - +3 ring of evasion

@: no status effects
A: high mp 1
a: no special abilities


You were on level 4 of the Dungeon.
You were not hungry.

You visited 1 branch of the dungeon, and saw 4 of its levels.
You also visited: Ossuary.

You collected 145 gold pieces.
You spent 49 gold pieces at shops.

Inventory:

Hand Weapons
 a - a +1 long sword (weapon)
Missiles
 p - 12 poisoned darts (quivered)
Armour
 c - a +0 shield (worn)
 d - a +0 cloak (worn)
   (You took it off Crazy Yiuf on level 2 of the Dungeon)
 h - a +0 pair of boots (worn)
   (You found it on level 1 of the Dungeon)
 i - a +0 plate armour (worn)
   (You found it on level 1 of the Dungeon)
 k - a +0 helmet (worn)
   (You found it on level 1 of the Dungeon)
Magical Staves
 t - an uncursed staff of power {unknown}
   (You found it on level 4 of the Dungeon)
Jewellery
 g - a ring of wizardry (left hand) {Wiz+, !d}
   (You found it on level 2 of the Dungeon)
 m - an amulet of magic regeneration (around neck)
   (You found it on level 2 of the Dungeon)
 u - a +3 ring of evasion (right hand)
   (You found it on level 3 of the Dungeon)
Wands
 s - a wand of paralysis (3)
   (You found it on level 3 of the Dungeon)
 x - a wand of disintegration (10)
   (You took it off Ijyb on level 4 of the Dungeon)
Scrolls
 b - 3 scrolls of teleportation
 e - a scroll of enchant armour {unknown}
 j - a scroll of identify
 n - 6 scrolls of remove curse
 r - a scroll of fear
Potions
 l - 4 potions of cancellation
 o - 2 potions of might
 q - a potion of mutation {!q}
 w - 2 potions of curing
 z - 2 potions of resistance
Comestibles
 f - 3 rations


   Skills:
 + Level 4.2 Fighting
 + Level 3.6 Long Blades
 + Level 4.1 Armour
 + Level 2.9 Dodging
 + Level 4.1 Shields


You had 6 spell levels left.
You didn't know any spells.
Your spell library was empty.

Dungeon Overview and Level Annotations

Branches:
Dungeon (4/15)
 Temple: D:4-7

Shops:
D:4 *


Innate Abilities, Weirdness & Mutations

You have an increased reservoir of magic. (+10% MP)


Message History

You block the orc's attack. The orc closely misses you.
You hit the orc.
You block the orc's attack. x4; The orc barely misses you.
You hit the orc.
You start to feel less resistant.
You block the orc's attack. The orc closely misses you.
The orc hits you but does no damage. The orc closely misses you.
Your plate armour prevents you from hitting the orc.
The orc hits you but does no damage. You block the orc's attack.
The orc hits you but does no damage. You block the orc's attack.
The orc misses you.
You hit the orc but do no damage. You block the orc's attack.
The orc hits you with a +0 mace. The orc closely misses you.
The orc misses you.
You riposte.
You slash the orc!
You kill the orc!
You block the orc's attack.
You slash the orc!
You kill the orc!
The orc closely misses you. You block the orc's attack.
You closely miss the orc.
Your resistance to elements expires.
The orc hits you with a +0 mace. The orc misses you.
You take 1 damage, and have 56/59 hp.
You hit the orc. The orc barely misses you.
The orc hits you but does no damage.
You hit the orc. The orc barely misses you. You block the orc's attack. x2
The orc misses you.
You riposte.
You hit the orc. You slash the orc!
You kill the orc!
You block the orc's attack.
You feel a little less agile now.
An ooze comes into view.
The orc hits you but does no damage.
Items here: )) [ †† a +0 hand axe; a +0 ring mail; a +0 mace; an orc corpse x2
You hit the orc.
You feel a little less clever now. You block the orc's attack.
Your plate armour prevents you from hitting the orc.
You block the orc's attack.
You hit the orc. The orc misses you. The ooze hits you but does no damage.
You slash the orc!
You kill the orc!
The ooze barely misses you.
You hit the ooze. The ooze closely misses you.
You riposte.
You hit the ooze. You hit the ooze.
You kill the ooze!
Health restored: 59 No target in view!
No target in view!
Things that are here:
a +0 mace; a +0 ring mail; an orc corpse
e - a scroll labeled AMIEBA QACAEH You see here a +0 short sword.
Things that are here:
a +0 mace; a +0 ring mail; an orc corpse
j - a scroll of identify
Things that are here:
a +0 trident; an orc corpse
Items here: )) [ †† a +0 hand axe; a +0 ring mail; a +0 mace; an orc corpse x2
There is an open door here.
t - a curved runed staff
f - 3 rations (gained 1)
Your magical contamination has completely faded away.
You open the door.
There is an open door here.
You open the door.
There is an open door here.
You open the door.
An ogre comes into view. It is wielding a +0 giant spiked club.
The ogre shouts!
Found a stone staircase leading up.
There is an open door here.
You slash the ogre! The ogre closely misses you.
You barely miss the ogre.
The ogre hits you with a +0 giant spiked club!
You take 16 damage, and have 43/59 hp.
MASSIVE DAMAGE!!
You hit the ogre. The ogre barely misses you.
You hit the ogre but do no damage.
The ogre hits you with a +0 giant spiked club!
You take 10 damage, and have 33/59 hp.
Your plate armour prevents you from hitting the ogre.
The ogre hits you with a +0 giant spiked club!!
* * * LOW HITPOINT WARNING * * *
You take 24 damage, and have 9/59 hp.
MASSIVE DAMAGE!!
There is an open door here.
There is a stone staircase leading up here.
Aim: an ogre, wielding a +0 giant spiked club (moderately wounded, chance to defeat MR: 46%)
The ogre resists with some effort.
The ogre hits you with a +0 giant spiked club.
* * * LOW HITPOINT WARNING * * *
You take 4 damage, and have 7/59 hp.
You feel better.
You regained 10 hp, and now have 17/59 hp.
You hit the ogre. The ogre hits you but does no damage.
You slash the ogre!
The ogre hits you with a +0 giant spiked club!!
You die...

#..........# #.. .....
#..######+####### ...
#.... ##..##............
...
#.....#....#............
...
#.....#....'............
...
.....######............
..#
#...........##'#.....
_..
+...........#..'.....
...
#...@O..<...+..#.....
...
#...........#..#.....
...
#...........#..#....<
_..
##...........##+#.....
... #.....#+##+#....
..... ... ..... #.....#
#.... ..... #..
......#.....# ..........
#.. .....#.....# ....
######
#..##.....######...


You could see an ogre.

Vanquished Creatures
  A wraith (Ossuary)
  Blork the orc (D:4)
  A crimson imp (D:2)
  A centaur skeleton (D:4)
  Crazy Yiuf (D:2)
  Jessica (D:2)
  Ijyb (D:4)
  A worker ant (D:4)
  A hound skeleton (D:4)
  A mummy (Ossuary)
  5 adders
  3 oozes
  2 worms (D:3)
  2 dart slugs
  4 leopard geckos
  16 orcs
  4 bats
  8 giant cockroaches
  2 gnoll zombies (D:4)
  14 goblins
  7 hobgoblins
  19 jackals
  2 quokkas
  2 ball pythons (D:3)
  7 frilled lizards
  6 gnoll skeletons (Ossuary)
  16 kobolds
  4 kobold skeletons (Ossuary)
  15 orc skeletons (Ossuary)
  8 rats
156 creatures vanquished.

Notes
Turn   | Place    | Note
-------+----------+-------------------------------------------
     0 | D:1      | mhoghedin the Demigod Fighter began the quest for the Orb.
     0 | D:1      | Reached XP level 1. HP: 18/18 MP: 3/3
    78 | D:1      | Reached XP level 2. HP: 9/25 MP: 4/4
    83 | D:1      | Reached skill level 2 in Long Blades
   841 | D:1      | Reached skill level 3 in Armour
   842 | D:1      | Reached skill level 3 in Shields
  1088 | D:2      | Noticed Jessica
  1090 | D:2      | Reached XP level 3. HP: 30/30 MP: 5/5
  1100 | D:2      | Killed Jessica
  1100 | D:2      | Reached skill level 3 in Fighting
  1100 | D:2      | Reached skill level 1 in Dodging
  1368 | D:2      | Reached XP level 4. HP: 34/38 MP: 6/6
  1456 | D:2      | Found a white marble altar of Elyvilon.
  1564 | D:2      | Found a runed translucent door.
  1565 | D:2      | Noticed Crazy Yiuf
  1982 | D:2      | HP: 9/38 [Crazy Yiuf/+4 quarterstaff of chaos (3)]
  1984 | D:2      | Killed Crazy Yiuf
  1984 | D:2      | Reached XP level 5. HP: 11/45 MP: 7/7
  2556 | D:3      | Reached skill level 2 in Dodging
  2849 | D:3      | Reached skill level 3 in Long Blades
  2879 | D:3      | Found a basalt altar of Yredelemnul.
  2879 | D:3      | Found a hide-covered altar of Uskayaw.
  3148 | D:4      | Noticed Blork the orc
  3159 | D:4      | Killed Blork the orc
  3159 | D:4      | Reached XP level 6. HP: 52/52 MP: 8/8
  3168 | D:4      | Found a shimmering altar of Xom.
  3209 | D:4      | Found an iron altar of Okawaru.
  3209 | D:4      | Found a hazy altar of Hepliaklqana.
  3211 | D:4      | Found a shadowy altar of Dithmenos.
  3214 | D:4      | Noticed Ijyb
  3217 | D:4      | Found a blossoming altar of Fedhas.
  3217 | D:4      | Found a stormy altar of Qazlal.
  3227 | D:4      | Killed Ijyb
  3311 | D:4      | Found a sand-covered staircase.
  3336 | Ossuary  | Entered an ossuary
  3336 | Ossuary  | Noticed a wraith
  3336 | Ossuary  | Noticed a wraith
  3336 | Ossuary  | Noticed a wraith
  3561 | Ossuary  | Noticed a wraith
  3604 | Ossuary  | Killed a wraith
  3604 | Ossuary  | Reached skill level 4 in Fighting
  3604 | Ossuary  | Reached skill level 4 in Armour
  3604 | Ossuary  | Reached skill level 4 in Shields
  3845 | D:4      | Reached XP level 7. HP: 50/59 MP: 9/9
  3932 | D:4      | Found Xawo's Assorted Antiques.
  3939 | D:4      | Bought a scroll labeled ZIYBBE ROOTT for 26 gold pieces
  3939 | D:4      | Bought a fuming yellow potion for 23 gold pieces
  4046 | D:4      | HP: 9/59 [ogre/+0 giant spiked club (24)]
  4058 | D:4      | HP: 7/59 [ogre/+0 giant spiked club (4)]
  4061 | D:4      | Slain by an ogre

Levels and vault maps discovered:
D:1:      wander_arrival_desolate, layout_loops_ring
D:2:      layout_rooms, hangedman_decor_growths, st_stairs_12, elyvilon_altar_1,
          uniq_jessica, uniq_crazy_yiuf_cottage
D:3:      minmay_razor_zed, layout_basic, gammafunk_temple_overflow_wave,
          corexii_shack
D:4:      layout_gridville, grunt_temple_overflow_open, serial_shops, shop,
          enter_ossuary_3, uniq_ijyb, uniq_blork_the_orc

Skill      XL: |  1  2  3  4  5  6 |
---------------+-------------------+-----
Long Blades    | 2 3 |  3.6
Armour         | 3 4 |  4.1
Shields        | 3 4 |  4.1
Fighting       | 3 4 |  4.2
Dodging        | 1 2 |  2.9

Action                   |  1- 3 |  4- 6 |  7- 9 || total
-------------------------+-------+-------+-------++-------
Melee: Long sword        |   147 |   367 |    38 ||   552
Evoke: Wand              |       |     3 |     1 ||     4
  Use: Scroll            |     2 |    10 |     1 ||    13
       Potion            |       |     2 |     5 ||     7
 Stab: Paralysed         |       |    12 |       ||    12
       Invisible         |       |       |     2 ||     2
  Eat: Chunk             |     1 |     5 |       ||     6
       Ration            |       |     2 |       ||     2
Armor: Scale mail        |    29 |       |       ||    29
       Plate armour      |    85 |   236 |    17 ||   338
       Skin              |       |    11 |       ||    11
Dodge: Dodged            |    43 |    93 |    37 ||   173
Block: Shield            |   111 |   231 |    27 ||   369
       Rpst.: Long sword |     9 |    25 |     7 ||    41

Table legend:
 A = Non-vault XP
 B = Vault XP
 C = Vault XP percentage of total XP
 D = Non-vault monster count
 E = Vault monster count
 F = Vault count percentage of total count
                 A         B        C        D         E       F
            +---------+---------+-------+---------+---------+-------
      Total |     414 |     509 |  55.1 |     108 |      48 |  30.8
            +---------+---------+-------+---------+---------+-------
        D:1 |      47 |       0 |   0.0 |      28 |       0 |   0.0
        D:2 |     125 |      75 |  37.5 |      29 |       3 |   9.4
        D:3 |      82 |      38 |  31.7 |      34 |      14 |  29.2
        D:4 |     160 |     139 |  46.5 |      17 |       4 |  19.0
    Ossuary |       0 |     257 | 100.0 |       0 |      27 | 100.0
            +---------+---------+-------+---------+---------+-------

Levels and vault maps discovered:
D:1:      wander_arrival_desolate, layout_loops_ring
D:2:      layout_rooms, hangedman_decor_growths, st_stairs_12, elyvilon_altar_1,
          uniq_jessica, uniq_crazy_yiuf_cottage
D:3:      minmay_razor_zed, layout_basic, gammafunk_temple_overflow_wave,
          corexii_shack
D:4:      layout_gridville, grunt_temple_overflow_open, serial_shops, shop,
          enter_ossuary_3, uniq_ijyb, uniq_blork_the_orc

Table legend:
 A = Turns spent in this place as a percentage of turns spent in the entire game.
 B = Non-inter-level travel turns spent in this place as a percentage of non-inter-level travel turns spent in the entire game.
 C = Inter-level travel turns spent in this place as a percentage of turns spent in this place.
 D = Turns resting spent in this place as a percentage of non-inter-level travel turns spent in this place.
 E = Turns spent auto-exploring this place as a percentage of non-inter-level travel turns spent in this place.
 F = Non-inter-level travel turns spent in this place divided by the number of levels of this place that you've seen.
                   A       B       C       D       E      F
               +-------+-------+-------+-------+-------+----------------------
         Total | 100.0 | 100.0 |   3.3 |  25.0 |  47.9 | 785.8
       Dungeon |  89.6 |  89.2 |   3.6 |  23.1 |  51.8 | 876.2
       Ossuary |  10.4 |  10.8 |   0.0 |  41.0 |  16.0 | 424.0
               +-------+-------+-------+-------+-------+----------------------

Table legend:
 A = Kills in this place as a percentage of kills in entire the game.
 B = Kills by you in this place as a percentage of kills by you in the entire game.
 C = Kills by friends in this place as a percentage of kills by friends in the entire game.
 D = Other kills in this place as a percentage of other kills in the entire game.
 E = Experience gained in this place as a percentage of experience gained in the entire game.
 F = Experience gained in this place divided by the number of levels of this place that you have seen.
                   A       B       C       D       E      F
               +-------+-------+-------+-------+-------+----------------------
         Total | 100.0 | 100.0 |   N/A |   N/A | 100.0 | 184.6
       Dungeon |  82.7 |  82.7 |   N/A |   N/A |  72.2 | 166.5
       Ossuary |  17.3 |  17.3 |   N/A |   N/A |  27.8 | 257.0
               +-------+-------+-------+-------+-------+----------------------
